[Event "Late-Titled-Tuesday-Blitz-March-19-2024"]
[Site "Chess.com"]
[Date "2024.03.19"]
[Round "2"]
[White "MoldyTofu"]
[Black "kylelancman"]
[Result "0-1"]
[WhiteElo "2073"]
[BlackElo "2469"]
[TimeControl "180+1"]
[EndTime "14:17:42 PDT"]
[Termination "kylelancman won by resignation"]

1. b3 c5 2. Bb2 Nc6 3. e3 d6 4.
d4 cxd4 5. exd4 Nf6 6. Nf3 Bg4 7. Be2 g6 8. h3 Bxf3 9. Bxf3 Bg7 10. O-O O-O 11. c4 Rc8 12. Na3 Nd7 13. Rc1 Qb6 14.
Bxc6 Qxc6 15. d5 Qa6 16. Bxg7 Kxg7 17. Qd4+ Kg8 18. Qb2 Nc5 19. Rfd1 Qb6 20. Nb5 f5 21. Nd4 a5 22. Qe2 Rf7 23. Ne6 Ne4 24. Rc2 Qb4 25. Qe1 Qb6 26. Qe2 a4 27. bxa4 Qa5 28. Rd3 Qxa4 29. Rb3 Qa6 30. Kh2 Qa7 31. f3 Nf6 32. Re3 h5 33. Ng5 Nxd5 34. Nxf7 Nxe3 35. Rc3 f4 36. Ng5 Qd4 37. Rc1 Qe5 38. Ne4 d5 39. Nd2 Ng4+ 0-1

[Event "Late-Titled-Tuesday-Blitz-March-19-2024"]
[Site "Chess.com"]
[Date "2024.03.19"]
[Round "2"]
[White "BebeBonito2022"]
[Black "GotCheeseCheckers"]
[Result "0-1"]
[WhiteElo "2298"]
[BlackElo "2528"]
[TimeControl "180+1"]
[EndTime "14:17:43 PDT"]
[Termination "GotCheeseCheckers won by resignation"]

1. d4 c5 2. d5 g6 3. c4 Bg7 4. Nf3 f5 5. Qc2 d6 6. Nc3 Bxc3+ 7. Qxc3 Nf6 8. Nd2 O-O 9. e3 Nbd7 10. Bd3 Ne5 11.
Be2 b5 12. b3 bxc4 13. bxc4 Rb8 14.
O-O Ba6 15. f4 Ned7 16. Bb2 Qb6 17. Rab1 Qb4 18. Qc2 Nxd5 19. cxd5 Bxe2 20. Rfe1 Qb5 21. Bf6 Qd3 22. Qxd3 Bxd3 23. Rxb8 Rxb8 24. Bxe7 Rb6 25. e4 Kf7 26. exf5 Bxf5 27. Nc4 Rb1 28. Rxb1 Bxb1 29. Bxd6 Bxa2 30. Ne3 a5 31. Kf2 a4 32. Ke1 a3 33.
Nc2 Bxd5 34. Nxa3 Bxg2 35. Nc4 Bd5 36. Ne5+ Ke6 37. Bc7 Nf6 38. Bb6 c4 39. Bd4 Kf5 40. Nf3 Bxf3 0-1

[Event "Late-Titled-Tuesday-Blitz-March-19-2024"]
[Site "Chess.com"]
[Date "2024.03.19"]
[Round "2"]
[White "HajiyevKanan"]
[Black "sacrifoice"]
[Result "1-0"]
[WhiteElo "2503"]
[BlackElo "2223"]
[TimeControl "180+1"]
[EndTime "14:17:43 PDT"]
[Termination "HajiyevKanan won by checkmate"]

1. d4 Nf6 2. Nf3 g6 3. c4 Bg7 4. g3 d6 5. Bg2 O-O 6. O-O Na6 7. b3 c5 8. Bb2 cxd4 9. Nxd4 Nc5 10. Nc3 a6 11. Qd2 Rb8 12. Rac1 Bd7 13. Rfd1 Qc8 14. b4 Ne6 15. Nd5 Re8 16. Nxf6+ exf6 17. Nxe6 Bxe6 18. Qxd6 Bh3 19. Bf3 Re6 20. Qf4 Rb6 21. c5 Re6 22. e3 g5 23. Qd4 Re7 24. Rd2 Qe6 25. Bd5 Qf5 26. Bg2 Bxg2 27. Kxg2 h5 28. h4 Re4 29. Qd7 Qg6 30. hxg5 Qxg5 31. Qd5 Qg6 32. Rd4 Rbe8 33. Rh1 R4e5 34. Qxb7 f5 35. Qf3 R5e6 36.
Qxh5 Qxh5 37. Rxh5 Bxd4 38. Bxd4 Rb8 39. Rh8# 1-0

[Event "Late-Titled-Tuesday-Blitz-March-19-2024"]
[Site "Chess.com"]
[Date "2024.03.19"]
[Round "2"]
[White "EternalNight8"]
[Black "Janh4"]
[Result "1-0"]
[WhiteElo "2481"]
[BlackElo "2158"]
[TimeControl "180+1"]
[EndTime "14:17:43 PDT"]
[Termination "EternalNight8 won by resignation"]

1. d4 d5 2. c4 e6 3. Nf3 h6 4. g3 Nf6 5. Bg2 Be7 6. O-O O-O 7. Nc3 b6 8. cxd5 exd5 9. Qc2 Bb7 10. Bf4 c5 11. dxc5 bxc5 12. Rad1 Qb6 13. Ne5 Rd8 14. Nd3 Nbd7 15. a4 Rac8 16. h4 d4 17. Bxb7 Qxb7 18. Nb5 Nf8 19. Ne5 Ne6 20. Bc1 Nd5 21. Nc4 Nb4 22.
Qf5 Rd5 23. Ne5 Bf6 24. f4 Bxe5 25. fxe5 Nc6 26. Nd6 Qe7 27. Nxc8 Qc7 28. Nd6 Qxd6 29. exd6 1-0

[Event "Late-Titled-Tuesday-Blitz-March-19-2024"]
[Site "Chess.com"]
[Date "2024.03.19"]
[Round "2"]
[White "Defend1r"]
[Black "gympod"]
[Result "0-1"]
[WhiteElo "2712"]
[BlackElo "2389"]
[TimeControl "180+1"]
[EndTime "14:17:44 PDT"]
[Termination "gympod won by checkmate"]

1. e4 c5 2. Nf3 d6 3. c3 Nf6 4.
h3 Nc6 5. Bd3 e5 6. Bc2 Be7 7.
O-O O-O 8. d3 Re8 9. a3 Bf8 10.
b4 h6 11. Nbd2 Be6 12. Re1 Rc8 13. Nf1 Ne7 14. Bb2 Ng6 15. d4 b6 16. Ne3 exd4 17. cxd4 d5 18. e5 Ne4 19. Nd2 cxd4 20. Bxd4 Nxf2 21.
Qb1 Ne4 22. Nxe4 dxe4 23. Rd1 Qg5 24. Bxe4 Nxe5 25. Kh1 Nc4 26. Nxc4 Rxc4 27. Bd3 Rcc8 28. Ba6 Rcd8 29. Qb2 Bd5 30. Qf2 Bd6 31. Re1 Rxe1+ 32. Rxe1 Bg3 33. Be3 Bxf2 34. Bxg5 hxg5 35. Rf1 Bg3 36.
Be2 Be4 37. Bc4 Bf4 38. Kg1 Rd2 39. g3 Rg2+ 40. Kh1 Rxg3+ 41. Kh2 Rg2+ 42. Kh1 Re2+ 43. Kg1 Bh2# 0-1

[Event "Late-Titled-Tuesday-Blitz-March-19-2024"]
[Site "Chess.com"]
[Date "2024.03.19"]
[Round "2"]
[White "ProfessorChess101"]
[Black "uzkuzk"]
[Result "0-1"]
[WhiteElo "2788"]
[BlackElo "2465"]
[TimeControl "180+1"]
[EndTime "14:17:46 PDT"]
[Termination "uzkuzk won by checkmate"]

1. e4 e5 2. f4 Bc5 3. Nf3 d6 4.
c3 Nf6 5. d4 exd4 6. cxd4 Bb6 7. Nc3 O-O 8. Be2 Re8 9. Qd3 Nxe4 10. Nxe4 Bf5 11. O-O Bxe4 12. Qc3 Nc6 13. Kh1 Qf6 14. Be3 Bxf3 15. Bxf3 Nxd4 16. Bxb7 Rab8 17. Bd5 c6 18.
Bxd4 Bxd4 19. Qxc6 Re2 20. Rae1 Qxf4 21. g3 Rxh2+ 22.
Kxh2 Rxb2+ 23. Kh3 Qh6+ 24. Kg4 Qg6+ 25. Kf3 Qf5# 0-1

[Event "Late-Titled-Tuesday-Blitz-March-19-2024"]
[Site "Chess.com"]
[Date "2024.03.19"]
[Round "2"]
[White "Inepton_Fermion"]
[Black "gorgeous1083"]
[Result "1-0"]
[WhiteElo "2466"]
[BlackElo "2058"]
[TimeControl "180+1"]
[EndTime "14:17:46 PDT"]
[Termination "Inepton_Fermion won on time"]

1. Nf3 d5 2. g3 Nf6 3. Bg2 e6 4. O-O c5 5. d4 Nc6 6. c4 cxd4 7. Nxd4 Be7 8. Nc3 O-O 9. cxd5 exd5 10. Bg5 Be6 11. Nxe6 fxe6 12. Qb3 Nd4 13. Qa4 Nc6 14. Rad1 Nd7 15. Bxe7 Qxe7 16. Qb3 Nc5 17. Qa3 Rac8 18. Rd2 a6 19. Rc1 Nd7 20. Qxe7 Nxe7 21. e4 Nf6 22. Re1 b5 23. Bh3 Rc6 24. exd5 Rd6 25. Rxe6 Rxe6 26. Bxe6+ Kh8 27. d6 Nc6 28. f4 Nd8 29. f5 Re8 30. Bb3 1-0

[Event "Late-Titled-Tuesday-Blitz-March-19-2024"]
[Site "Chess.com"]
[Date "2024.03.19"]
[Round "2"]
[White "M1711"]
[Black "Harsha_Bharathakoti"]
[Result "0-1"]
[WhiteElo "2641"]
[BlackElo "2942"]
[TimeControl "180+1"]
[EndTime "14:17:47 PDT"]
[Termination "Harsha_Bharathakoti won on time"]

1. e4 g6 2. d4 Bg7 3. Nc3 d6 4. Be3 a6 5. h4 h5 6. Be2 b5 7. a3 Nf6 8. f3 c6 9. Nh3 Bxh3 10.
Rxh3 Nbd7 11. Qd2 a5 12. Nd1 O-O 13. Nf2 e5 14. Kf1 d5 15. dxe5 Nxe5 16. f4 Neg4 17.
e5 Nxf2 18. Bxf2 Ne4 19. Qe1 f6 20. e6 f5 21. c3 Re8 22. Kg1 Rxe6 23. Qf1 a4 24.
Bd3 Qd6 25. Rf3 Rae8 26. Rd1 Nf6 27. Bd4 Ng4 28. Bxg7 Kxg7 29. g3 Ne3 30. Rxe3 Rxe3 31. Qf2 Qf6 32. Kg2 R8e7 33. Bf1 Qe6 34. Bd3 Kh7 35. Kf1 d4 36. cxd4 Qd5 37. Kg1 Qxd4 38. Be2 Qxb2 39. Rd7 Qxe2 40. Qxe2 Rxe2 0-1

[Event "Late-Titled-Tuesday-Blitz-March-19-2024"]
[Site "Chess.com"]
[Date "2024.03.19"]
[Round "2"]
[White "MidnightFox"]
[Black "larsmandreassen"]
[Result "1-0"]
[WhiteElo "2505"]
[BlackElo "2249"]
[TimeControl "180+1"]
[EndTime "14:17:47 PDT"]
[Termination "MidnightFox won on time"]

1. d4 d5 2. c4 e6 3. Nf3 c5 4. cxd5 cxd4 5. Qxd4 exd5 6. Nc3 Nf6 7. e3 Nc6 8. Bb5 Bd7 9. Bxc6 bxc6 10. O-O Bd6 11.
e4 dxe4 12. Qxd6 exf3 13. Bg5 fxg2 14. Rfe1+ Be6 15. Qxc6+ Kf8 16. Rad1 Qc8 17. Qd6+ Kg8 18. Bxf6 gxf6 19. Re3 h5 20. Rg3+ Kh7 21. Ne4 Qd8 22. Rd5 Bg4 23. Nxf6+ Kg7 24. Nxh5+ Rxh5 25. Rxg4+ 1-0

[Event "Late-Titled-Tuesday-Blitz-March-19-2024"]
[Site "Chess.com"]
[Date "2024.03.19"]
[Round "2"]
[White "BilodeauA"]
[Black "IMRosen"]
[Result "1-0"]
[WhiteElo "3064"]
[BlackElo "2656"]
[TimeControl "180+1"]
[EndTime "14:17:49 PDT"]
[Termination "BilodeauA won on time"]

1. e4 c5 2. Nf3 e6 3. Nc3 Nc6 4. h3 a6 5. d4 cxd4 6. Nxd4 Qc7 7.
Nxc6 bxc6 8. Bd3 d5 9. O-O Nf6 10. Re1 Be7 11. Bg5 Qd8 12. Qf3 O-O 13. Rad1 Bb7 14.
Na4 Nd7 15. Bxe7 Qxe7 16. e5 c5 17. c4 Rab8 18. Qe2 a5 19. Nc3 Bc6 20. b3 Rfd8 21.
cxd5 exd5 22. e6 Nf6 23. Bf5 Kh8 24. Qa6 Rd6 25. exf7 Qxf7 26. Qxa5 Ne8 27. Qxc5 Rf6 28. Bg4 Nc7 29. Re7 Qg6 30. Rxc7 d4 31. Nd5 Bxd5 32. Rc8+ 1-0

[Event "Late-Titled-Tuesday-Blitz-March-19-2024"]
[Site "Chess.com"]
[Date "2024.03.19"]
[Round "2"]
[White "Byniolus"]
[Black "Rakitic2010"]
[Result "1-0"]
[WhiteElo "2796"]
[BlackElo "2577"]
[TimeControl "180+1"]
[EndTime "14:17:49 PDT"]
[Termination "Byniolus won by resignation"]

1. d4 Nf6 2. Nf3 e6 3. Bf4 c5 4. c3 d5 5. e3 Bd6 6. Bg3 Qc7 7.
Nbd2 Nbd7 8. Be2 O-O 9. c4 e5 10. dxe5 Nxe5 11. cxd5 Nxf3+ 12. Bxf3 Bxg3 13. hxg3 Bf5 14. O-O Rfe8 15. Re1 Ne4 16. Nxe4 Bxe4 17. Qa4 Qe5 18.
Bxe4 Qxe4 19. Qxe4 Rxe4 20. f3 Rb4 21. b3 Rd8 22. e4 c4 23. bxc4 Rxc4 24. Rac1 Rdc8 25. Rxc4 Rxc4 26. Re2 Kf8 27. g4 Ke7 28. Kf2 Kd6 29. Ke3 g5 30. Re1 Rc2 31. Rh1 Rxa2 32. Rxh7 Ke7 33.
e5 Ra3+ 34. Ke4 a5 35. e6 Kd6 36. Rxf7 Ra1 37. Rxb7 Re1+ 38. Kf5 Kxd5 39. Rb5+ Kd6 40. Rxa5 Ke7 41. Ra7+ Kd6 42. Rd7+ Kc6 43. Rd2 Kc7 44. Kf6 Re2 45. Rxe2 1-0

[Event "Late-Titled-Tuesday-Blitz-March-19-2024"]
[Site "Chess.com"]
[Date "2024.03.19"]
[Round "2"]
[White "iturrizaga"]
[Black "RichardLeyvaP"]
[Result "1-0"]
[WhiteElo "3009"]
[BlackElo "2550"]
[TimeControl "180+1"]
[EndTime "14:17:49 PDT"]
[Termination "iturrizaga won by resignation"]

1. d4 Nf6 2. Nf3 g6 3. Bf4 Bg7 4. e3 d6 5. Nbd2 O-O 6. h3 c5 7. c3 cxd4 8. exd4 Nc6 9. Be2 e5 10. dxe5 dxe5 11. Nxe5 Nd5 12. Nxc6 bxc6 13. Bg3 Re8 14.
O-O Bxc3 15. Nc4 Bxb2 16. Nxb2 Nc3 17. Qxd8 Nxe2+ 18. Kh2 Rxd8 19. Bh4 Re8 20. Nc4 Ba6 21. Nd6 Re6 22. Rfd1 h6 23. f3 g5 24. Bf2 Nf4 25. Ne4 f5 26. Ng3 Rf8 27. Bxa7 Bc4 28. Bc5 Rf7 29. a4 h5 30. Rd4 h4 31. Rxc4 hxg3+ 32. Kh1 Re2 33. a5 Rxg2 34. Rxf4 Rh2+ 35. Kg1 gxf4 36.
a6 Rxh3 37. a7 Rxa7 38. Rxa7 Rh2 39. Bd6 Rh4 40. Rc7 Rh2 41. Rxc6 Rh6 42. Rc8+ Kf7 43.
Bxf4 Rg6 44. Rc7+ Ke8 45. Kg2 1-0

[Event "Late-Titled-Tuesday-Blitz-March-19-2024"]
[Site "Chess.com"]
[Date "2024.03.19"]
[Round "2"]
[White "TheKnightOfBosnia"]
[Black "KuzubovYuriy"]
[Result "0-1"]
[WhiteElo "2622"]
[BlackElo "2902"]
[TimeControl "180+1"]
[EndTime "14:17:50 PDT"]
[Termination "KuzubovYuriy won on time"]

1. e4 e6 2. d4 d5 3. Nd2 Nc6 4. c3 e5 5. exd5 Qxd5 6. dxe5 Nxe5 7. Ngf3 Nd3+ 8. Bxd3 Qxd3 9. Qa4+ Bd7 10. Qb3 O-O-O 11. Qxf7 Nh6 12. Qc4 Re8+ 13. Kd1 Qg6 14. Re1 Bd6 15. Ne4 Ng4 16. Nfd2 Bf4 17. f3 Ne3+ 18. Rxe3 Bxe3 19. Ng3 h5 20. Ndf1 Bxc1 21. Rxc1 h4 22. Ne4 Bc6 23. Rc2 Bxe4 24. fxe4 Rxe4 25. Qc5 Rd8+ 26.
Rd2 Rd6 27. Kc2 Re5+ 0-1

[Event "Late-Titled-Tuesday-Blitz-March-19-2024"]
[Site "Chess.com"]
[Date "2024.03.19"]
[Round "2"]
[White "FaustinoOro"]
[Black "ValeriyGrinev"]
[Result "1/2-1/2"]
[WhiteElo "2856"]
[BlackElo "2613"]
[TimeControl "180+1"]
[EndTime "14:17:50 PDT"]
[Termination "Game drawn by agreement"]

1. d4 d5 2. Nf3 e6 3. c4 Nf6 4. e3 Be7 5. Nc3 O-O 6. Bd3 dxc4 7.
Bxc4 c5 8. O-O Nc6 9. a3 cxd4 10. exd4 b6 11. d5 Na5 12. Ba2 exd5 13. Nxd5 Nxd5 14. Bxd5 Bb7 15. Bxb7 Nxb7 16. Qe2 Bf6 17. Rd1 Qe8 18. Be3 Qe4 19. Rac1 Nc5 20. Qb5 Ne6 21.
h3 Rac8 22. Rxc8 Rxc8 23. Qa6 Rc7 24. b4 h6 25. Qb5 Nf4 26. Bxf4 Qxf4 27. Qd5 Qc4 28.
Qf5 Qc2 29. Qxc2 Rxc2 30. Rd7 a5 31. bxa5 bxa5 32. Ra7 Rc5 33. Nd2 Rc1+ 34. Kh2 Be5+ 35. g3 Rc2 36. Rxa5 Bd4 37. Ne4 Bxf2 38. Nxf2 Rxf2+ 39. Kg1 Ra2 40. a4 h5 41. Rxh5 Rxa4 42. Rf5 Ra3 43. Kg2 g6 1/2-1/2

[Event "Late-Titled-Tuesday-Blitz-March-19-2024"]
[Site "Chess.com"]
[Date "2024.03.19"]
[Round "2"]
[White "Masterisback04"]
[Black "CheckThis4"]
[Result "1-0"]
[WhiteElo "1940"]
[BlackElo "2680"]
[TimeControl "180+1"]
[EndTime "14:17:50 PDT"]
[Termination "Masterisback04 won by checkmate"]

1. e4 d5 2. exd5 c6 3. dxc6 Nxc6 4. Nf3 e5 5. Nc3 Nf6 6. Bc4 e4 7. Ng5 Bg4 8. Be2 Bxe2 9. Qxe2 Nd4 10. Qd1 Qe7 11. O-O O-O-O 12. Re1 Qc5 13. Nxf7 Bd6 14.
Nxd8 Qe5 15. g3 Rxd8 16. Nxe4 Nxe4 17. Qg4+ Nf5 18. Rxe4 Qf6 19. d3 Rf8 20. Bf4 Kb8 21. Bxd6+ Nxd6 22. Rf4 Qe7 23. Rxf8+ Qxf8 24. Re1 a6 25. Qf4 Qd8 26. Re6 Qa5 27. Qxd6+ Ka7 28. Re5 Qa4 29. Qc5+ Kb8 30. Rd5 Qe8 31. Qd6+ Ka7 32.
Re5 Qa4 33. b3 Qg4 34. Qc5+ b6 35. Re7+ Ka8 36. Qc6+ Kb8 37. Qb7# 1-0

[Event "Late-Titled-Tuesday-Blitz-March-19-2024"]
[Site "Chess.com"]
[Date "2024.03.19"]
[Round "2"]
[White "adiosabu"]
[Black "Kiborg95"]
[Result "0-1"]
[WhiteElo "2565"]
[BlackElo "2769"]
[TimeControl "180+1"]
[EndTime "14:17:51 PDT"]
[Termination "Kiborg95 won by resignation"]

1. e4 d6 2. d4 Nf6 3. Nc3 e5 4.
Nf3 Nbd7 5. g3 c6 6. Bg2 b5 7. a3 Be7 8. O-O Bb7 9. Re1 O-O 10.
b3 a5 11. Bb2 Re8 12. Qd2 Bf8 13.
Rad1 Qc7 14. dxe5 dxe5 15. Nh4 Nc5 16. Nf5 b4 17. Nb1 Rad8 18. Qe3 Ne6 19. axb4 axb4 20. Nd2 Bc5 21. Qe2 Ra8 22. Nc4 Ba6 23. Ra1 Bb5 24.
Rxa8 Rxa8 25. Ra1 Rxa1+ 26. Bxa1 Nd7 27. Bf1 Qa7 28. Qd2 Bxc4 29. bxc4 g6 30. Nh6+ Kg7 31. Ng4 Qxa1 32. Qxd7 h5 33. Ne3 Bxe3 34. fxe3 Qe1 35. Qd3 Nc5 36. Qe2 Qc1 0-1

[Event "Late-Titled-Tuesday-Blitz-March-19-2024"]
[Site "Chess.com"]
[Date "2024.03.19"]
[Round "2"]
[White "NovakRatko"]
[Black "SnekkerAndersen"]
[Result "1/2-1/2"]
[WhiteElo "2417"]
[BlackElo "2715"]
[TimeControl "180+1"]
[EndTime "14:17:51 PDT"]
[Termination "Game drawn - insufficient material"]

1. d4 d5 2. c4 e6 3. cxd5 exd5 4. Nc3 Nf6 5. Bg5 Be7 6. e3 c6 7. Nf3 Nbd7 8. Bd3 h6 9. Bh4 Nh5 10. Bxe7 Qxe7 11. O-O O-O 12. e4 dxe4 13. Nxe4 Nhf6 14.
Re1 Nxe4 15. Bxe4 Qd6 16. d5 cxd5 17. Bxd5 Qf6 18. Qb3 Nb6 19. Be4 Be6 20. Qb4 Rab8 21. Rad1 Rfc8 22. b3 Qc3 23. Qxc3 Rxc3 24. Rc1 Rxc1 25. Rxc1 Bd5 26. Bxd5 Nxd5 27. Rd1 Nc3 28. Rd2 Re8 29. Kf1 g5 30. Rc2 Nd5 31. g3 Nb4 32.
Rd2 Re7 33. a3 Nc6 34. b4 a6 35. Re2 Rd7 36. Rd2 Re7 37. Re2 Rc7 38. Rc2 Rd7 39.
Rd2 Rxd2 40. Nxd2 Nd4 41. Ne4 Nc2 42. Nc5 Nxa3 43. Ke2 Nc2 44. Nd3 Kf8 45. Kd2 Nd4 46. Nc5 Nf3+ 47. Ke3 Nxh2 48. Nxb7 Ng4+ 49. Ke2 h5 50.
Nc5 h4 51. gxh4 gxh4 52. f3 h3 53. Kf1 Ne5 54. Kf2 Ke7 55. Kg3 Kd6 56. f4 Nc6 57.
Nxa6 Nd4 58. Kxh3 Kc6 59. Kg4 Kb5 60. Nc7+ Kxb4 61. Kg5 Kc5 62. Kf6 Ne2 63. f5 Ng3 64.
Kxf7 Nxf5 1/2-1/2

[Event "Late-Titled-Tuesday-Blitz-March-19-2024"]
[Site "Chess.com"]
[Date "2024.03.19"]
[Round "2"]
[White "tylityli"]
[Black "Koalaskakistis"]
[Result "1-0"]
[WhiteElo "2319"]
[BlackElo "2515"]
[TimeControl "180+1"]
[EndTime "14:17:51 PDT"]
[Termination "tylityli won on time"]

1. d4 f5 2. c4 Nf6 3. Nc3 g6 4. b4 Bg7 5. Bb2 d6 6. e3 O-O 7. Nf3 Nbd7 8. d5 Ne4 9. Qc2 Ndf6 10. Bd3 Nxc3 11. Bxc3 e5 12. dxe6 Bxe6 13. O-O Qd7 14. Ng5 Rae8 15. Nxe6 Qxe6 16. Bxf6 Bxf6 17. Rad1 c6 18.
Be2 Rd8 19. Bf3 g5 20. h3 Be5 21. e4 Qf7 22. exf5 h5 23. Be4 Qf6 24. Qe2 Qh6 25. g3 Rf7 26. Kg2 h4 27. Qg4 Bf6 28.
gxh4 Rg7 29. h5 Re8 30. Rfe1 Be5 31. Bf3 Rf8 32. c5 d5 33. Rxe5 Qf6 34. Rde1 b6 35.
Re6 Qc3 36. Re7 1-0

[Event "Late-Titled-Tuesday-Blitz-March-19-2024"]
[Site "Chess.com"]
[Date "2024.03.19"]
[Round "2"]
[White "inagreV"]
[Black "Yurovskykh_Oleksandr"]
[Result "0-1"]
[WhiteElo "2375"]
[BlackElo "2616"]
[TimeControl "180+1"]
[EndTime "14:17:52 PDT"]
[Termination "Yurovskykh_Oleksandr won by resignation"]

1. e4 e6 2. d4 d5 3. Nc3 dxe4 4. Nxe4 Bd7 5. Nf3 Bc6 6. Bd3 Nd7 7. O-O Ngf6 8. Ng3 g6 9. Re1 Bg7 10. c3 O-O 11.
Bf4 Bd5 12. c4 Bxf3 13. Qxf3 c6 14. Rad1 Re8 15. a3 a5 16. h3 a4 17. Bc2 Qa5 18. Bd2 Qc7 19. Bf4 Qb6 20. Bc1 e5 21.
dxe5 Nxe5 22. Qf4 Qc5 23. Bb1 Nxc4 24. Ba2 b5 25. Rxe8+ Rxe8 26. Qc7 h5 27. Nf1 Nd5 28. Qd7 Re2 29. Ne3 Ndxe3 30. Bxe3 Rxe3 31. fxe3 Qxe3+ 32.
Kh1 Bxb2 33. Qxc6 Qf4 34. Rd3 Be5 35. Kg1 Bd4+ 36. Kh1 Qf1+ 37. Kh2 Qxd3 38. Qe8+ Kg7 39. Qe1 Be5+ 40. Kh1 Qg3 41. Qxg3 Bxg3 42. Kg1 Nxa3 0-1

[Event "Late-Titled-Tuesday-Blitz-March-19-2024"]
[Site "Chess.com"]
[Date "2024.03.19"]
[Round "2"]
[White "Balla_Tamas"]
[Black "nindjaxx8"]
[Result "0-1"]
[WhiteElo "2400"]
[BlackElo "2681"]
[TimeControl "180+1"]
[EndTime "14:17:52 PDT"]
[Termination "nindjaxx8 won by resignation"]

1. e4 e6 2. d4 d5 3. Nd2 c5 4. exd5 Qxd5 5. Ngf3 cxd4 6. Bc4 Qd6 7. O-O Nf6 8. Nb3 Nc6 9. Nbxd4 Nxd4 10. Nxd4 Be7 11. c3 O-O 12. Re1 Bd7 13. Qf3 Qc7 14. Bb3 a5 15. Bg5 Rfe8 16. Rad1 a4 17. Bc2 a3 18. b3 Ra5 19. Bh4 h6 20. c4 Bc6 21. Qd3 Rd8 22. Bxf6 Bxf6 23. Qh7+ Kf8 24. Qh8+ Ke7 25. Nf5+ Rxf5 26.
Rxd8 Qxd8 27. Qxd8+ Kxd8 28. Bxf5 exf5 29. f3 b5 30. cxb5 Bxb5 31. Rd1+ Kc7 32. Rd5 Bd7 33. Ra5 Bb2 34. Kf2 Kb6 35. Rd5 Be6 36. Rd2 Bxb3 37.
axb3 a2 38. Rd1 a1=Q 39. Rxa1 Bxa1 40. Ke3 Be5 41. f4 Bd6 42. h3 Kc5 43. g4 fxg4 44. hxg4 g6 45. f5 gxf5 46. gxf5 f6 47. Ke4 Be5 48. Kf3 h5 49. Kg2 Kb4 50. Kh3 Kxb3 51. Kh4 Kc4 52. Kxh5 Kd4 53. Kg6 Ke4 54. Kh5 Kxf5 55.
Kh4 Ke4 0-1

[Event "Late-Titled-Tuesday-Blitz-March-19-2024"]
[Site "Chess.com"]
[Date "2024.03.19"]
[Round "2"]
[White "Gentlejimmy7"]
[Black "Julianos82"]
[Result "1-0"]
[WhiteElo "2648"]
[BlackElo "2397"]
[TimeControl "180+1"]
[EndTime "14:17:53 PDT"]
[Termination "Gentlejimmy7 won by resignation"]

1. c4 e6 2. g3 d5 3. Nf3 c6 4. Bg2 dxc4 5. O-O b5 6. Ne5 Bb7 7.
Nc3 Qc7 8. d4 cxd3 9. Bf4 Bd6 10. Rc1 a6 11. Nxd3 Bxf4 12. Nxf4 Ne7 13. Ne4 O-O 14.
Qd6 Qxd6 15. Nxd6 Ra7 16. Nd3 Rd8 17. Nxb7 Rxb7 18. Nc5 Rc7 19. Rfd1 Rcc8 20. Nb7 Rxd1+ 21. Rxd1 Nd5 22. e4 Nb6 23. Nc5 Kf8 24. b3 Ke7 25. a4 bxa4 26. bxa4 Rd8 27. Rb1 N6d7 28. Nb7 Rc8 29. Bf1 c5 30. Bc4 g5 31. f4 h6 32.
Kf2 f5 33. e5 gxf4 34. gxf4 Rc7 35. Nd6 Nc6 36. Rg1 Nd4 37. Rg8 Nb6 38. Rg7+ Kd8 39. Rg8+ Ke7 40. Bxa6 Ra7 41. Rg7+ Kf8 42. Rxa7 1-0

[Event "Late-Titled-Tuesday-Blitz-March-19-2024"]
[Site "Chess.com"]
[Date "2024.03.19"]
[Round "2"]
[White "Mikhail_Golubev"]
[Black "SultaiC"]
[Result "0-1"]
[WhiteElo "2720"]
[BlackElo "2492"]
[TimeControl "180+1"]
[EndTime "14:17:54 PDT"]
[Termination "SultaiC won on time"]

1. e4 c5 2. Nf3 d6 3. d4 cxd4 4. Nxd4 Nf6 5. Nc3 a6 6. Bc4 e6 7. O-O Be7 8. Bb3 O-O 9. Re1 Bd7 10. Re3 Nc6 11. Rg3 Kh8 12. Bg5 Ne5 13. f4 Ng6 14. f5 exf5 15. Nxf5 Bxf5 16. exf5 Ne5 17. Bxf6 Bxf6 18.
Nd5 Rc8 19. Rh3 h6 20. Qd2 Bg5 21. Qd4 Nc6 22. Qf2 Ne7 23. f6 Nxd5 24. fxg7+ Kxg7 25. Bxd5 Rc5 26. Rd1 Qd7 27. Rf3 Qe7 28. c4 Rcc8 29. Re1 Qd7 30. h4 Bd8 31. Qd4+ Kh7 32. Be4+ f5 33. Rxf5 Rxf5 34. g4 Rc5 35. Rf1 Bb6 36. Rxf5 Kg8 37. Kg2 Rxf5 0-1

[Event "Late-Titled-Tuesday-Blitz-March-19-2024"]
[Site "Chess.com"]
[Date "2024.03.19"]
[Round "2"]
[White "FairChess_on_YouTube"]
[Black "FontVella8"]
[Result "1-0"]
[WhiteElo "3149"]
[BlackElo "2683"]
[TimeControl "180+1"]
[EndTime "14:17:55 PDT"]
[Termination "FairChess_on_YouTube won on time"]

1. Nf3 Nf6 2. c4 e6 3. g3 d5 4. Bg2 dxc4 5. O-O Nbd7 6. Qc2 c5 7. a4 Rb8 8. Na3 b6 9. Nxc4 Bb7 10. d3 Nd5 11.
Bg5 Qc7 12. e4 Nb4 13. Qc3 f6 14. Be3 e5 15. Bh3 Be7 16. Nh4 g6 17. f4 O-O 18.
Be6+ Kg7 19. Rf2 Rbd8 20. Raf1 exf4 21. Bxf4 Qc6 22. Bd6 Rde8 23. Bxe7 Rxe7 24. Bxd7 Rxd7 25. Ne5 Rxd3 26. Nxc6 Rxc3 27. Nxb4 Re3 28. Nd5 Bxd5 29. exd5 f5 30. Ng2 Re4 31. Rf4 Re5 32. g4 Rxd5 33. gxf5 Rdxf5 34. Rxf5 gxf5 35. Kf2 Rd8 36. Ke3 Rd4 37.
Rf4 Rd5 38. Rh4 a6 39. Nf4 Re5+ 40. Kf3 b5 41. a5 c4 42. Ne2 Kf6 43. Rh6+ Kg5 44.
Rxa6 b4 45. Ra8 Rb5 46. a6 c3 47. bxc3 b3 48. a7 Ra5 49. Rg8+ 1-0

[Event "Late-Titled-Tuesday-Blitz-March-19-2024"]
[Site "Chess.com"]
[Date "2024.03.19"]
[Round "2"]
[White "GlavkonVVS"]
[Black "kriscacco"]
[Result "0-1"]
[WhiteElo "2681"]
[BlackElo "2110"]
[TimeControl "180+1"]
[EndTime "14:17:55 PDT"]
[Termination "kriscacco won on time"]

1. c4 g6 2. Nc3 Bg7 3. Nf3 Nf6 4. d4 c5 5. d5 d6 6. e4 O-O 7. h3 Na6 8. Bd3 Nc7 9. O-O a6 10.
a4 b6 11. Bf4 Nd7 12. Re1 f6 13. Nd2 Ne5 14. Bf1 Nf7 15. Be3 Bd7 16. Rb1 a5 17.
Qc2 e5 18. Nb5 Nxb5 19. cxb5 Qc7 20. Nc4 f5 21. exf5 gxf5 22. f4 e4 23. Qd2 Nh6 24. Be2 Kh8 25. Kh2 Be8 26. Rg1 Bf7 27. Rbd1 Ng8 28. g4 fxg4 29. hxg4 Ne7 30. Rg3 Rad8 31. Rh3 Qb7 32. Rh1 Bg8 33. Kg2 Nxd5 34. Rh5 Nxe3+ 35.
Qxe3 d5 36. Qh3 Bd4 37. Nxb6 Rxf4 38. Qh4 Rdf8 39. Qg5 Rf2+ 40. Kh3 Rxe2 41. Rh6 Qg7 42. Qxg7+ Kxg7 43. g5 Rf3+ 44. Kg4 c4 45. Nxd5 Rg2+ 0-1

[Event "Late-Titled-Tuesday-Blitz-March-19-2024"]
[Site "Chess.com"]
[Date "2024.03.19"]
[Round "2"]
[White "albi1999"]
[Black "Onischuk_V"]
[Result "0-1"]
[WhiteElo "2579"]
[BlackElo "2803"]
[TimeControl "180+1"]
[EndTime "14:17:58 PDT"]
[Termination "Onischuk_V won on time"]

1. Nf3 g6 2. g3 Bg7 3. Bg2 Nf6 4.
O-O O-O 5. d4 d6 6. Nc3 Nbd7 7.
e4 e5 8. h3 Re8 9. dxe5 dxe5 10. Be3 c6 11. a4 Qe7 12. Nd2 Nc5 13. Nb3 Nxb3 14. cxb3 Be6 15. Qc2 Nd7 16. a5 Red8 17. Na4 Qb4 18. Ra3 Bf8 19. Bd2 Qb5 20. Rb1 Bxa3 21.
bxa3 Qe2 22. Bf1 Qh5 23. Kh2 Nf6 24. Nc5 Bg4 25. Be3 Bf3 26. Nxb7 Ng4+ 27. Kg1 Nxe3 28.
fxe3 Rd1 29. Rxd1 Bxd1 30. Qxc6 Rf8 31. Nc5 Qf3 32. Nd7 Qxe3+ 33. Kh2 Qf2+ 34. Bg2 Bf3 0-1

[Event "Late-Titled-Tuesday-Blitz-March-19-2024"]
[Site "Chess.com"]
[Date "2024.03.19"]
[Round "2"]
[White "Vse_po_kaify"]
[Black "expii"]
[Result "0-1"]
[WhiteElo "2475"]
[BlackElo "2205"]
[TimeControl "180+1"]
[EndTime "14:18:00 PDT"]
[Termination "expii won by resignation"]

1. Nf3 d5 2. e3 Nf6 3. c4 e6 4.
b3 c5 5. Bb2 Nc6 6. cxd5 exd5 7. d4 Be7 8. Bb5 O-O 9. O-O a6 10. Bxc6 bxc6 11. dxc5 Bxc5 12. Qc2 Be7 13. Ne5 Bd7 14.
Nxc6 Rc8 15. Nxe7+ Qxe7 16. Qd3 Bb5 17. Qd4 Bxf1 18.
Ba3 Qc7 19. Bxf8 Qc1 20. Nd2 Be2+ 21. Nf1 Kxf8 22. Rxc1 Rxc1 23. Qb4+ Ke8 24. Qb8+ Ke7 25. Qe5+ Kd7 26. h3 Bxf1 27. Kh2 Bb5 28. Qg5 Ke7 29. Qxg7 Rc2 30. Qg5 Ke6 31. f4 Ne4 32.
Qe5+ Kd7 33. Qxd5+ Nd6 34. Qd1 Rxa2 35. e4 Bc6 36.
Kg3 Bxe4 37. Kh4 Rxg2 38. Qf1 Nf5+ 39. Kh5 Ng3+ 40. Kh6 Nxf1 0-1